Kradschützen Motorcycle Team
Construct Light Support Kompanie
Selects Italian Combined Arms Battlegroup
Selects Bersaglieri Squad
Panzerjäger Mechanized Group
Selects Semovente da 75/18 Assault Gun
Selects Carro Armato M13/40 Light Tank
Carro Armato M13/40 Light Tank
Carro Armato M13/40 Light Tank
le.IG 18 Mechanized Group
Carro Armato M13/40 Light Tank
Selects Vehicle Support - Secure Location
Selects Vehicle Support - Force Recon
Pak 38 Anti-tank Gun Team